 Dungeon Crawl Stone Soup version 0.31-a0-230-g09eb5fc4d3 (webtiles) character file.

Game seed: 15150625011487604487

63 qw the Shooter (level 4, -10/26 HPs)
             Began as a Gargoyle Hexslinger on July 6, 2023.
             Mangled by an orc warrior
             ... wielding a +0 glaive
              (12 damage)
             ... on level 3 of the Dungeon.
             The game lasted 00:00:44 (1656 turns).

qw the Shooter (Gargoyle Hexslinger)                Turns: 1656, Time: 00:00:45

Health: -10/26     AC:  9    Str: 11    XL:     4   Next: 10%
Magic:  5/5        EV: 10    Int: 14    God:
Gold:   95         SH:  0    Dex: 14    Spells: 4/5 levels left

rFire   . . .        c - +1 sling (heavy)
rCold   . . .        (no shield)
rNeg    + . .        e - +0 ring mail
rPois   inf          (no helmet)
rElec   +            (no cloak)
rCorr   +            d - +0 pair of gloves
SInv    .            (no boots)
Will    .....        (no amulet)
Stlth   +            g - ring of resist corrosion
HPRegen 0.24/turn    (no ring)
MPRegen 0.09/turn

%: no passive effects
@: no status effects
A: sickness immunity, AC +3, negative energy resistance 1, electricity
resistance, torment resistance 1, petrification resistance
a: no special abilities


You were on level 3 of the Dungeon.
You visited 1 branch of the dungeon, and saw 3 of its levels.

You collected 95 gold pieces.


Innate Abilities, Weirdness & Mutations

You are immune to sickness and miasma.
Your stone body is resilient. (AC +3)
You are immune to poison.
You resist negative energy. (rN+)
You are resistant to electric shocks. (rElec)
You are resistant to unholy torment.
You are immune to petrification.


   Skills:
 - Level 2.0 Fighting
 + Level 3.7 Ranged Weapons
 - Level 1.1 Armour
 - Level 1.5 Dodging
 - Level 1.0 Spellcasting
 - Level 2.6 Hexes


You had 4 spell levels left.
You knew the following spells:

 Your Spells              Type           Power      Damage    Failure   Level
a - Slow                  Hex            32%        N/A       21%         1

Your spell library contained the following spells:

 Spells                   Type           Power      Damage    Failure   Level
 Inner Flame              Hex/Fire       4%         N/A       71%         3
 Portal Projectile        Hex/Tloc       8%         N/A       71%         3
 Cause Fear               Hex            4%         N/A       90%         4

Inventory:

Hand Weapons
 c - a +1 heavy sling (weapon)
Armour
 d - a +0 pair of gloves (worn)
 e - a +0 ring mail (worn)
Jewellery
 g - a ring of resist corrosion (left hand)
Scrolls
 a - 2 scrolls of identify

Dungeon Overview and Level Annotations

Branches:
Dungeon (3/15)

Altars:

Shops:
D:2 (


Message History

The adder bites you but does no damage. The adder barely misses you.
The adder bites you but does no damage.
You shoot a sling bullet. The sling bullet hits the adder!
You kill the adder!
You have reached level 4!
You feel clever.
You start resting.
HP restored.
You hear the slow rusting of a distant drain.
You see here a +2 vampiric hand axe.
Enter note: You now have 95 gold pieces (gained 9).
An orc warrior comes into view. It is wielding a +0 glaive.
Found a robe.
The orc warrior shouts!
You hear a shout! x2
An orc comes into view. It is wielding a +0 hand axe.
Enter note: You shoot a sling bullet.
The sling bullet closely misses the orc warrior.
An orc comes into view. It is wielding a +0 dagger.
You shoot a sling bullet.
The sling bullet barely misses the orc warrior.
You hear the slow rusting of a very distant drain.
The orc warrior closely misses you.
The orc warrior hits you from afar with a +0 glaive.
You shoot a sling bullet.
The sling bullet closely misses the orc warrior.
The orc warrior barely misses you.
The orc warrior hits you from afar with a +0 glaive.
You shoot a sling bullet. The sling bullet hits the orc warrior!
The orc warrior is moderately wounded.
The orc warrior hits you from afar with a +0 glaive!
The orc warrior closely misses you.
You shoot a sling bullet.
The sling bullet closely misses the orc warrior.
The orc warrior hits you from afar with a +0 glaive!
The orc warrior closely misses you.
You shoot a sling bullet. The sling bullet hits the orc warrior.
The orc warrior is moderately wounded.
The orc warrior hits you from afar with a +0 glaive!
You die...

.. .. .. #o #o
#o
###.############
#
#...@..........#
#
#.#.##########.#
# #.#[ #.# ##
#.#.# #.# .#
#.#.# #.#
.###... #.#.#
#.# ....># #.#.#
#.# .##### #.#.#
#.# ## #.#.# #.#


You could see an orc warrior and 2 orcs.

Vanquished Creatures
  An adder (D:3)
  2 worms (D:2)
  A dart slug (D:1)
  4 endoplasms
  11 hobgoblins
  3 jackals (D:1)
  5 ball pythons
  3 bats
  3 frilled lizards
  6 goblins
  3 kobolds (D:2)
  4 rats
46 creatures vanquished.

Notes
Turn   | Place    | Note
-------+----------+-------------------------------------------
     0 | D:1      | qw the Gargoyle Hexslinger began the quest for the Orb.
     0 | D:1      | Reached XP level 1. HP: 12/12 MP: 2/2
     0 | D:1      | 0 ||| qw: Version: 0.3-a-46-gb1f654a
     0 | D:1      | 0 ||| qw: Game counter: 1790
     0 | D:1      | 0 ||| qw: Melee chars always use a shield: true
     0 | D:1      | 0 ||| qw: God list: Okawaru
     0 | D:1      | 0 ||| qw: Allow faded altars: false
     0 | D:1      | 0 ||| qw: Do Orc after clearing Dungeon:15 true
     0 | D:1      | 0 ||| qw: Do second Lair branch before Depths: true
     0 | D:1      | 0 ||| qw: Lair rune preference: random
     0 | D:1      | 0 ||| qw: Goals: Normal
     0 | D:1      | 0 ||| PLANNING D:1-11
   243 | D:1      | Reached XP level 2. HP: 16/16 MP: 3/3
   306 | D:1      | Reached skill level 3 in Ranged Weapons
   716 | D:1      | 716 ||| UPGRADING to +0 pair of gloves.
   721 | D:1      | 721 ||| UPGRADING to +0 ring mail.
   731 | D:1      | 731 ||| DROPPING +0 robe.
   732 | D:1      | 732 ||| UPGRADING to ring of resist corrosion.
   733 | D:1      | 733 ||| READING 4 scrolls labelled FINOUGO SORPHOEZEDD.
   734 | D:1      | 734 ||| READING scroll labelled NIWILA YMEIPP.
   747 | D:1      | 747 ||| DROPPING scroll of poison.
   776 | D:2      | Found Yfiucaymn's Antique Weapon Shop.
   820 | D:2      | Reached XP level 3. HP: 21/21 MP: 4/4
   955 | D:2      | Reached skill level 1 in Armour
  1318 | D:2      | 1318 ||| READING 2 scrolls labelled CIBOUQAUSU.
  1319 | D:2      | 1319 ||| READING scroll of brand weapon.
  1319 | D:2      | 1319 ||| BRANDING +1 sling of flaming.
  1320 | D:2      | 1320 ||| READING scroll labelled SEDUKH ALOCRU.
  1421 | D:2      | 1421 ||| READING scroll labelled IRIMOE GIVITE.
  1422 | D:2      | 1422 ||| READING scroll labelled OGANYW APUSMULL.
  1423 | D:2      | 1423 ||| READING 3 scrolls of identify.
  1423 | D:2      | 1423 ||| IDENTIFYING red potion
  1424 | D:2      | 1424 ||| DROPPING potion of degeneration.
  1439 | D:3      | 1439 ||| PLANNING SEWER
  1596 | D:3      | Reached XP level 4. HP: 25/26 MP: 5/5
  1650 | D:3      | Noticed an orc warrior
  1655 | D:3      | HP: 2/26 [orc warrior/+0 glaive (8)]
  1656 | D:3      | Mangled by an orc warrior

Levels and vault maps discovered:
D:1:      nzn_arrival_settlement, layout_basic, nicolae_houndstooth_variations
D:2:      layout_rooms, serial_shops, shop
D:3:      cheibrodos_greedy_goblins, layout_basic, gup_sewer_entry_pipe

Skill      XL: |  1  2  3 |
---------------+----------+-----
Ranged Weapons | 3 |  3.7
Fighting       | 2 |  2.0
Armour         | 1 |  1.1
Dodging        | |  1.5
Spellcasting   | |  1.0
Hexes          | |  2.6

Action                     |  1- 3 |  4- 6 || total
---------------------------+-------+-------++-------
   Fire: Sling             |   173 |     6 ||   179
    Use: Scroll            |     8 |       ||     8
 Armour: Robe              |    11 |       ||    11
         Ring mail         |    65 |       ||    65
  Dodge: Dodged            |    72 |     4 ||    76

Table legend:
 A = Non-vault XP
 B = Vault XP
 C = Vault XP percentage of total XP
 D = Non-vault monster count
 E = Vault monster count
 F = Vault count percentage of total count
                 A         B        C        D         E       F
            +---------+---------+-------+---------+---------+-------
      Total |      76 |      15 |  16.5 |      38 |       8 |  17.4
            +---------+---------+-------+---------+---------+-------
        D:1 |      30 |       0 |   0.0 |      18 |       0 |   0.0
        D:2 |      29 |       0 |   0.0 |      16 |       0 |   0.0
        D:3 |      17 |      15 |  46.9 |       4 |       8 |  66.7
            +---------+---------+-------+---------+---------+-------
